[Event "*** Titled Tuesday Blitz"]
[Site "Chess.com"]
[Date "2020.04.21"]
[Round "2"]
[White "wadsy27"]
[Black "ZAbdumalik"]
[Result "0-1"]
[WhiteElo "2486"]
[BlackElo "2699"]
[TimeControl "180+1"]
[EndTime "10:18:59 PDT"]
[Termination "ZAbdumalik won by resignation"]

1. Nf3 Nf6 2. b3 g6 3. Bb2 Bg7 4. c4 O-O 5. g3 b6 6. Bg2 Bb7 7.
O-O c5 8. d4 Ne4 9. Nbd2 d6 10.
Nxe4 Bxe4 11. Qd2 Nd7 12. Rad1 a6 13. h3 b5 14. dxc5 Bxb2 15. cxd6 Bg7 16. dxe7 Qxe7 17. Qxd7 Qa3 18. cxb5 axb5 19. Qxb5 Qxa2 20. Nd4 Rab8 21. Qa4 Qxa4 22. bxa4 Bxg2 23. Kxg2 Rb4 24. e3 Rxa4 25.
Rd3 h5 26. Rfd1 Bf6 27. g4 hxg4 28. hxg4 Kg7 29. Kg3 Ra2 30. Nf3 Rc8 31. g5 Be7 32. Rd7 Kf8 33. Rb7 Rc5 34. Rdd7 Bxg5 35. Rxf7+ Kg8 36.
Rg7+ Kh8 37. Rxg6 Bd8 38. Rb8 Kh7 39. Rg4 Bc7+ 40. Kh4 Bxb8 41. Ng5+ Rxg5 42. Kxg5 Rxf2 43. e4 Bd6 44. Rg1 Kg7 45. Rd1 Be7+ 46. Kg4 Kf6 47.
Rd5 Ke6 48. Rf5 Re2 49. Kf3 Ra2 50. Rh5 Ra3+ 51. Kf4 Bd6+ 52. Kg4 Re3 53. Rh6+ Ke5 54. Rh5+ Kxe4 55. Rg5 Re1 56. Rg6 Be5 57. Rg5 Bf4 58. Rg6 Rg1+ 59. Kh5 Rh1+ 60. Kg4 Rf1 61. Kh5 Be5 62.
Kg4 Rf2 63. Kh5 Kf5 64. Rg5+ Kf6 65. Rg6+ Kf7 66. Rg5 Bf6 67. Rg4 Rh2+ 0-1

[Event "*** Titled Tuesday Blitz"]
[Site "Chess.com"]
[Date "2020.04.21"]
[Round "2"]
[White "AndrewMaco"]
[Black "sergiochess83"]
[Result "1/2-1/2"]
[WhiteElo "2571"]
[BlackElo "2811"]
[TimeControl "180+1"]
[EndTime "10:19:02 PDT"]
[Termination "Game drawn - insufficient material"]

1. e4 c6 2. d4 d5 3. e5 Bf5 4. Nf3 e6 5. Be2 Ne7 6. c3 Ng6 7. O-O f6 8. Be3 Nd7 9. Nbd2 fxe5 10. dxe5 Ngxe5 11. Nd4 Bd6 12. f4 Ng6 13. g4 O-O 14. gxf5 exf5 15. Bd3 Nh4 16. N2f3 Qe8 17. Qe2 Nxf3+ 18.
Qxf3 g6 19. Rae1 Nc5 20. Bc2 Ne4 21. Ne2 Qf7 22. c4 dxc4 23. Bxe4 fxe4 24. Qxe4 Rae8 25. Qf3 Qf5 26. Bd4 Qd3 27. Bc3 Bc5+ 28. Kg2 Re3 29. Qg4 Qe4+ 30. Rf3 Rxe2+ 31. Rxe2 Qxe2+ 32. Kh3 Qe4 33.
Rf1 Qf5 34. Re1 Qxg4+ 35. Kxg4 Kf7 36. Re5 Bd6 37. Re4 b5 38. a3 Re8 39. Rd4 Ke6 40.
Re4+ Kd7 41. Rd4 Ke6 42. Re4+ Kf7 43. Rd4 Re6 44. h4 h5+ 45. Kg3 a6 46. Kf3 Ke7 47. Rd1 c5 48. Rd5 Kd7 49. f5 gxf5 50. Rxf5 b4 51. axb4 cxb4 52. Bd4 Kc6 53. Rxh5 Rg6 54. Rg5 Rxg5 55. hxg5 Kd5 56. g6 Bf8 57. g7 Bxg7 58. Bxg7 c3 59. bxc3 b3 60. Ke2 b2 61. c4+ Kxc4 62.
Bxb2 a5 63. Bh8 a4 64. Kd2 a3 65. Kc1 a2 66. Kb2 a1=Q+ 67. Kxa1 1/2-1/2

[Event "*** Titled Tuesday Blitz"]
[Site "Chess.com"]
[Date "2020.04.21"]
[Round "2"]
[White "Ellaijio_B"]
[Black "evgenyermolaev"]
[Result "0-1"]
[WhiteElo "2667"]
[BlackElo "2475"]
[TimeControl "180+1"]
[EndTime "10:19:02 PDT"]
[Termination "evgenyermolaev won by checkmate"]

1. e4 c5 2. Nf3 d6 3. d4 cxd4 4. Nxd4 Nf6 5. Nc3 a6 6. f4 e5 7. Nf3 Qc7 8. Bd3 Be7 9. O-O Nc6 10. Kh1 b5 11. a3 Bb7 12. Qe1 O-O 13. Nd5 Nxd5 14.
exd5 Nd4 15. Nxd4 exd4 16. Qe4 f5 17. Qxd4 Bf6 18. Qf2 g6 19. Be3 Bxb2 20. Bd4 Bxd4 21. Qxd4 Qc5 22. Qxc5 dxc5 23. c4 Rfe8 24. Rfe1 Kf8 25.
Kg1 Rad8 26. Kf2 Rxe1 27. Kxe1 bxc4 28. Bxc4 Ke7 29. g3 Bxd5 30. Bxa6 c4 31. Rc1 Ra8 32. Bxc4 Rc8 33. Kd2 Bxc4 34. Rb1 Be6 35. Rb7+ Bd7 36.
Rb3 Ra8 37. Re3+ Kf6 38. Kc2 h6 39. Kb2 Be6 40. Rd3 Rb8+ 41. Kc2 g5 42. Rd6 Ra8 43.
Kb2 gxf4 44. gxf4 Ra4 45. Rd8 Rxf4 46. Ra8 Rh4 47. a4 Rxh2+ 48. Kc3 f4 49. a5 f3 50. Rf8+ Bf7 51. Rd8 f2 52. Rd1 Rg2 53. Rf1 Kg5 54. a6 Bd5 55. Kd4 Ba8 56. Ke3 Kg4 57.
Rc1 Kg3 58. Rc8 f1=Q 59. Rxa8 Re2+ 60. Kd4 Qf4+ 61. Kc5 Qc1+ 62. Kb6 Rb2+ 63. Ka7 Qc7# 0-1

[Event "*** Titled Tuesday Blitz"]
[Site "Chess.com"]
[Date "2020.04.21"]
[Round "2"]
[White "leoduarte"]
[Black "RichardWe"]
[Result "1-0"]
[WhiteElo "2261"]
[BlackElo "2438"]
[TimeControl "180+1"]
[EndTime "10:19:02 PDT"]
[Termination "leoduarte won by resignation"]

1. e4 e6 2. d4 d5 3. Nd2 dxe4 4. Nxe4 Bd7 5. Bd3 Bc6 6. Nf3 Bxe4 7. Bxe4 c6 8. Qe2 Nf6 9. Bd3 Bd6 10. Bg5 Nbd7 11. O-O-O Qc7 12. Rhe1 O-O 13. Ne5 Rfe8 14. Bxf6 Nxf6 15.
g4 Rad8 16. g5 Nd5 17. Qe4 g6 18. h4 c5 19. h5 Bxe5 20. dxe5 Nb4 21. hxg6 Nxd3+ 22. Rxd3 fxg6 23. Red1 Rxd3 24. Rxd3 Rf8 25. f4 Qf7 26.
Rf3 b6 27. b3 Rd8 28. Rd3 Rxd3 29. cxd3 Qd7 30. Kc2 Kg7 31. Kc3 b5 32. Kd2 a5 33.
a4 bxa4 34. bxa4 Qc7 35. Ke3 Qb6 36. Kf3 Kf7 37. Ke3 c4+ 38. Kf3 c3 39. Qc4 Qb4 40.
Qc7+ Kg8 41. Qd8+ Kg7 42. Qf6+ Kg8 43. Qxe6+ Kg7 44. Qf6+ Kg8 45. e6 c2 46. e7 Qxe7 47. Qxe7 c1=Q 48. Qe8+ Kg7 49. Qe7+ Kg8 50. Qd8+ Kg7 51.
Qd4+ Kg8 52. Qc4+ Qxc4 53. dxc4 Kf7 54. Ke4 Ke7 55. Kd4 Kd6 56. c5+ Kc7 57. Kc4 Kc6 58. Kd4 Kc7 59. Kd5 Kd7 60. c6+ Kc7 61. Kc5 Kc8 62. Kb5 Kb8 63. Kb6 Kc8 64. c7 1-0

[Event "*** Titled Tuesday Blitz"]
[Site "Chess.com"]
[Date "2020.04.21"]
[Round "2"]
[White "FLamps8"]
[Black "BlueWizzard"]
[Result "1/2-1/2"]
[WhiteElo "2525"]
[BlackElo "2749"]
[TimeControl "180+1"]
[EndTime "10:19:03 PDT"]
[Termination "Game drawn - insufficient material"]

1. d4 c6 2. c4 g6 3. e4 Bg7 4. Nc3 d6 5. Be3 Qb6 6. Qd2 Nf6 7. f3 Qa5 8. O-O-O Nbd7 9. Kb1 a6 10. g4 b5 11. Bh6 Bxh6 12. Qxh6 Rb8 13. Qd2 Nb6 14. c5 b4 15. cxb6 bxc3 16. Qxc3 Qxc3 17. bxc3 Rxb6+ 18. Kc2 Be6 19. Rb1 Rxb1 20. Kxb1 O-O 21. Bd3 Rb8+ 22. Ka1 g5 23. Ne2 a5 24. Rb1 Rxb1+ 25.
Kxb1 h5 26. h3 Kg7 27. Kb2 Bd7 28. Ka3 c5 29. Nc1 h4 30. dxc5 dxc5 31. Nb3 a4 32. Nxc5 Bc6 33. Nxa4 Nd7 34. Be2 Kf6 35. Kb4 Ke5 36.
Nc5 Nb8 37. Nd3+ Kd6 38. Kc4 Bb7 39. Kd4 Ba6 40. e5+ Kc7 41. f4 f6 42. exf6 exf6 43.
fxg5 fxg5 44. c4 Nc6+ 45. Kc5 Bc8 46. Nb4 Nd8 47. Nd5+ Kb8 48. Kd4 Ne6+ 49. Ke5 Nc5 50. Kf6 Ne4+ 51. Kg6 Ng3 52. Kxg5 Nxe2 53. Kxh4 Nd4 54.
Kg5 Be6 55. Kf6 Kb7 56. g5 Bxh3 57. Nf4 Bf1 58. g6 Bxc4 59. g7 Kc6 60. a3 Kd6 61. Ng6 Nc6 62. a4 Bg8 63. Nh4 Nb4 64. Nf5+ Kd7 65.
Nh6 Nd5+ 66. Kg6 Ne7+ 67. Kf6 Bh7 68. g8=Q Bxg8 69. Nxg8 Nxg8+ 70. Ke5 Ne7 71. Ke4 Nc6 72. a5 Kc7 73. Kd5 Nb8 74. a6 Nxa6 1/2-1/2

[Event "*** Titled Tuesday Blitz"]
[Site "Chess.com"]
[Date "2020.04.21"]
[Round "2"]
[White "BabyBoss31"]
[Black "NastaJ"]
[Result "1-0"]
[WhiteElo "2368"]
[BlackElo "1818"]
[TimeControl "180+1"]
[EndTime "10:19:03 PDT"]
[Termination "BabyBoss31 won by resignation"]

1. d4 Nf6 2. c4 e6 3. Nf3 b6 4. a3 Bb7 5. Nc3 Be7 6. d5 exd5 7.
cxd5 d6 8. e4 Nbd7 9. Nd4 O-O 10. f3 Ne5 11. Be2 h6 12. O-O Nh5 13. f4 Nxf4 14. Bxf4 Ng6 15. Bg3 Bf6 16. Bh5 Ne5 17. Be2 Ng6 18. Nf5 Ne5 19. Qe1 Bg5 20. Bf4 Bxf4 21.
Rxf4 Qg5 22. Rf1 g6 23. Ng3 h5 24. Qc1 Qxc1 25. Raxc1 h4 26. Nh1 Rae8 27. Nf2 Nd7 28. Bg4 Nc5 29. Rfe1 Ba6 30. b4 Nb3 31. Rb1 Bc4 32. Be2 Nd2 33. Rb2 Bxe2 34. Rxe2 Nc4 35. Ra2 Re7 36. Nb5 a6 37. Nd4 Kg7 38. a4 Ne5 39. Rac2 Rfe8 40. Rc3 Kf6 41. Rec2 Rc8 42. Kf1 Rd7 43. Ke2 Ke7 44. Ke3 Kf6 45. Nd1 Ng4+ 46. Ke2 Nxh2 47. Rh3 Ng4 48. Rxh4 Ne5 49. Ne3 Kg7 50.
Nc6 Nxc6 51. Rxc6 Re7 52. Nc4 Rce8 53. Kd3 g5 54. Rg4 Kg6 55. Nd2 f5 56. exf5+ Kxf5 57. Rg3 Re1 58. Rxc7 R1e5 59. Nf3 Rxd5+ 60. Kc4 Rd1 61.
Rxg5+ Kf6 62. Kb3 Rc1 63. Rxc1 1-0

[Event "*** Titled Tuesday Blitz"]
[Site "Chess.com"]
[Date "2020.04.21"]
[Round "2"]
[White "LiemLe"]
[Black "lucasran"]
[Result "1-0"]
[WhiteElo "3007"]
[BlackElo "2608"]
[TimeControl "180+1"]
[EndTime "10:19:04 PDT"]
[Termination "LiemLe won by resignation"]

1. d4 Nf6 2. c4 e6 3. Nf3 b6 4. g3 Bb7 5. Bg2 Be7 6. O-O O-O 7. Nc3 Ne4 8. Bd2 f5 9. Qc2 Bf6 10. Rad1 Nxc3 11. Bxc3 Be4 12. Qc1 d5 13. Ne5 Bxg2 14. Kxg2 Bxe5 15. dxe5 c6 16. cxd5 exd5 17. b4 Qd7 18.
Qd2 Rd8 19. Qg5 h6 20. Qf4 Qe6 21. h4 Nd7 22. Rd3 a5 23. a3 axb4 24. axb4 Ra4 25. Rf3 Rf8 26. Qd2 c5 27. Qc2 Raa8 28. Qb3 Rae8 29.
Bb2 d4 30. Qxe6+ Rxe6 31. Ra3 Nxe5 32. Rc1 Nd7 33. Ra7 Rf7 34. Rc2 Rfe7 35. Ba3 Re5 36. bxc5 bxc5 37. Bxc5 Nxc5 38. Rxe7 Rxe7 39. Rxc5 Rxe2 40.
Rxf5 Rd2 41. h5 Rd1 42. Kf3 Re1 43. Rd5 Rd1 44. Ke4 Rd2 45. f4 Rg2 46. Kf3 Rd2 47.
g4 Rd1 48. Ke4 Rg1 49. Kf5 Rd1 50. Kg6 Kf8 51. Rf5+ Ke7 52. Kxg7 d3 53. Rd5 Ke6 54. Rd4 d2 55. Kxh6 Rg1 56. Rxd2 Rxg4 57. Rd4 Kf5 58. Kh7 Kf6 59. h6 Kf7 60. Rd7+ Kf6 61. Rd8 Kf7 62. Rd4 Kf6 63. Kh8 Kf7 64. Rd7+ Kf6 65. Rg7 Rh4 66. h7 Rh6 67. Kg8 1-0

[Event "*** Titled Tuesday Blitz"]
[Site "Chess.com"]
[Date "2020.04.21"]
[Round "2"]
[White "abhijeetgupta1016"]
[Black "Budisavljevic"]
[Result "1-0"]
[WhiteElo "2917"]
[BlackElo "2465"]
[TimeControl "180+1"]
[EndTime "10:19:04 PDT"]
[Termination "abhijeetgupta1016 won on time"]

1. d4 Nf6 2. c4 a6 3. Nf3 e6 4.
Nc3 c5 5. d5 exd5 6. cxd5 d6 7.
h3 b5 8. a3 g6 9. e4 Bg7 10.
Bd3 O-O 11. O-O Re8 12. Bg5 Qb6 13. Re1 Ra7 14. Qd2 Rae7 15. Qf4 Nh5 16. Qh4 f6 17. Bd2 Bh8 18. g4 Ng7 19. b4 Nd7 20. Kg2 Ne5 21. Nxe5 fxe5 22. Be3 Qc7 23. bxc5 dxc5 24. Rad1 Qd6 25. a4 c4 26. Bf1 b4 27. Na2 c3 28.
Nc1 Rc7 29. Nb3 Rf8 30. a5 Ne8 31. Bb6 Bf6 32. Qg3 Bg5 33. Qd3 c2 34. Rc1 Rc3 35. Bc5 Qf6 36. Qxc3 bxc3 37. Rxc2 Rf7 38. Rxc3 Bd7 39.
Bb6 Bh4 40. Re2 h5 41. Nc5 hxg4 42. Nxd7 Rxd7 43. hxg4 Rf7 44. Rec2 Rf8 45. Bc5 Nd6 46. Rh3 Nxe4 47. Be3 Nxf2 48. Be2 Nxg4 49. Bg1 Nh6 50. Rc4 Nf5 51. Rg4 e4 52. Rxe4 Qg5+ 53. Rg4 Qf6 54. Rf3 Re8 55. Bd3 Qd6 56. Bxf5 Qxd5 57. Rxg6+ Kh8 58.
Rh6+ Kg7 59. Rxh4 Re2+ 60. Bf2 Rxf2+ 61. Kxf2 Qd2+ 62. Kg3 Qxa5 63. Rg4+ Kf6 64. Be4+ Ke5 65.
Rf5+ Ke6 66. Rxa5 1-0

[Event "*** Titled Tuesday Blitz"]
[Site "Chess.com"]
[Date "2020.04.21"]
[Round "2"]
[White "ChessMavenYeti"]
[Black "Tpros"]
[Result "1/2-1/2"]
[WhiteElo "2124"]
[BlackElo "2394"]
[TimeControl "180+1"]
[EndTime "10:19:04 PDT"]
[Termination "Game drawn by agreement"]

1. d4 Nf6 2. c4 e6 3. Nc3 Bb4 4.
Qc2 c5 5. dxc5 Na6 6. a3 Bxc5 7.
Nf3 h6 8. g3 b6 9. Bg2 Bb7 10.
O-O O-O 11. Rd1 Rc8 12. Bf4 d5 13. cxd5 exd5 14. e3 Qe7 15. Be5 Ne4 16. Nxd5 Bxd5 17. Rxd5 Nf6 18. Bxf6 Qxf6 19. Qd3 Qxb2 20. Rd1 Qxa3 21.
Qxa3 Bxa3 22. Ra1 Nb4 23. Rd7 Nc2 24. Ra2 a5 25. Rb7 Rfd8 26. Rxb6 Rd1+ 27. Bf1 Bb4 28. Kg2 Ne1+ 29. Nxe1 Rxe1 30. Bd3 g6 31. Bc2 Rc7 32. Bb3 Kg7 33. h4 h5 34. Kf3 Rb1 35. Bd5 Rd1 36.
e4 Rd3+ 37. Kf4 Bc5 38. Rb5 Bd6+ 39. e5 Bc5 40. Be4 Rc3 41. Rbxa5 Bb4 42. Ra7 R3c4 43. Rxc7 Rxc7 44. f3 Be1 45. g4 Rd7 46. Ra6 hxg4 47. fxg4 Bxh4 48. e6 Re7 49. exf7 Rxf7+ 50. Ke5 Bg3+ 51.
Kd4 Rd7+ 52. Ke3 Bd6 53. Rc6 g5 54. Bf5 Rd8 55. Ke4 Kf6 56. Ra6 Ke7 57. Rc6 Rb8 58. Kd5 Rb5+ 59. Ke4 Rb4+ 60. Kd5 Rb5+ 61. Ke4 Ra5 62.
Rb6 Ra4+ 63. Kd5 Ra5+ 64. Ke4 Rc5 65. Rb7+ Rc7 66. Rxc7+ Bxc7 67. Kd5 Kf6 68. Bc8 Bf4 69. Bf5 Bh2 70. Bc8 Bf4 71. Bf5 Bh2 72. Bc8 Ke7 73.
Bf5 Kd8 74. Ke6 Bf4 75. Kf6 Kc7 76. Kg6 Kd6 77. Kh5 Ke5 78. Bc8 Kf6 79. Bf5 1/2-1/2

[Event "*** Titled Tuesday Blitz"]
[Site "Chess.com"]
[Date "2020.04.21"]
[Round "2"]
[White "Donseng"]
[Black "Bulldog167"]
[Result "0-1"]
[WhiteElo "2525"]
[BlackElo "2767"]
[TimeControl "180+1"]
[EndTime "10:19:05 PDT"]
[Termination "Bulldog167 won on time"]

1. e4 e6 2. d4 d5 3. e5 c5 4. c3 Nc6 5. Nf3 Bd7 6. Bd3 Nge7 7.
O-O Rc8 8. dxc5 Ng6 9. Bxg6 hxg6 10. b4 f6 11. Re1 Kf7 12. Na3 a6 13. Nc2 g5 14. h3 Qc7 15. Bxg5 fxg5 16. Nxg5+ Kg8 17.
Qf3 Rh6 18. Qf7+ Kh8 19. Nd4 Nxd4 20. cxd4 Ba4 21. f4 Bc2 22. Rac1 Bf5 23. g4 Be4 24. Qxc7 Rxc7 25. Nxe4 dxe4 26. Kg2 Kg8 27. Rxe4 g6 28. Rf1 Rch7 29. Re3 Kf7 30. f5 gxf5 31. gxf5 Be7 32. f6 Bf8 33. Rg3 Rh4 34. Rd1 Re4 35. Kf3 Rhh4 36.
Rg4 Rexg4 37. hxg4 Rh3+ 38. Kf4 Bh6+ 39. g5 Rh4+ 40.
Kg3 Bxg5 41. a4 Re4 42. b5 axb5 43. axb5 Re3+ 44. Kg4 Kg6 45. b6 Rc3 46. d5 Rc4+ 47. Kf3 exd5 48. Rxd5 Kf5 49. f7 Rf4+ 50. Kg3 Ke6 51. c6 Rxf7 52. c7 Rf8 53. Rc5 Rc8 54. Kg4 Be3 55. Rb5 Rf8 56. Rb3 Bd4 57. Rd3 Kxe5 58.
Kg5 Bxb6 59. Rd7 Rc8 60. Rd8 Rxd8 61. c8=Q Rxc8 0-1

[Event "*** Titled Tuesday Blitz"]
[Site "Chess.com"]
[Date "2020.04.21"]
[Round "2"]
[White "Grischuk"]
[Black "Rodalquilar"]
[Result "1-0"]
[WhiteElo "3087"]
[BlackElo "2612"]
[TimeControl "180+1"]
[EndTime "10:19:06 PDT"]
[Termination "Grischuk won by resignation"]

1. Nf3 d5 2. g3 Nf6 3. Bg2 e6 4. O-O Be7 5. c4 O-O 6. d3 c5 7. cxd5 exd5 8. d4 Nc6 9. Nc3 c4 10. b3 Be6 11. bxc4 dxc4 12. Rb1 Bb4 13. Qc2 Qa5 14.
Bd2 Nd5 15. Nxd5 Bxd5 16. Ng5 g6 17. Bxd5 Bxd2 18. Nxf7 Rxf7 19. Bxf7+ Kxf7 20. Rxb7+ Kf8 21. Qxc4 Ne7 22. Qe6 Bb4 23. Qf6+ Kg8 24. Rxe7 Bxe7 25. Qxe7 Qxa2 26. Rc1 Qf7 27. Qe4 Re8 28. Qd3 Qe7 29.
e3 Rf8 30. Ra1 Qf7 31. Qd2 Rb8 32. Qa2 Qxa2 33. Rxa2 Ra8 34. Ra6 Kf7 35. Kf1 Ke7 36. Ke2 Kd7 37. Kd3 Kc7 38. Kc4 Kb7 39. Rf6 a5 40.
Kb3 a4+ 41. Ka3 Kc7 42. Rf7+ Kd6 43. Rxh7 Kd5 44. Re7 Kc4 45. h4 Rb8 46. g4 Rb1 47. h5 gxh5 48. gxh5 Ra1+ 49. Kb2 Rf1 50. f4 Kb4 51.
Rb7+ Kc4 52. h6 Rh1 53. h7 Rh2+ 54. Ka3 Rh1 55. f5 Rh3 56. Re7 Rh1 57. f6 Kc3 58. Rc7+ Kd3 59. f7 Rxh7 60. f8=Q Rxc7 61. Qf4 Rc4 62.
d5 Rc3+ 63. Kxa4 Rc1 64. d6 Ra1+ 65. Kb5 Rb1+ 66. Kc6 Ra1 67. Qd4+ 1-0

[Event "*** Titled Tuesday Blitz"]
[Site "Chess.com"]
[Date "2020.04.21"]
[Round "2"]
[White "dalmatinac101"]
[Black "murtas73"]
[Result "1/2-1/2"]
[WhiteElo "2803"]
[BlackElo "2574"]
[TimeControl "180+1"]
[EndTime "10:19:07 PDT"]
[Termination "Game drawn - timeout vs insufficient material"]

1. e4 e6 2. d4 d5 3. Nc3 Bb4 4.
e5 c5 5. a3 Ba5 6. b4 cxd4 7.
Nb5 Bc7 8. f4 Bd7 9. Nxc7+ Qxc7 10. Bb2 Ba4 11. Qxd4 Ne7 12. b5 Qxc2 13. Rc1 Qe4+ 14.
Qxe4 dxe4 15. Nh3 O-O 16. Ng5 a6 17. Rc7 Nd5 18. Rxb7 Bxb5 19. Bxb5 axb5 20. Nxe4 b4 21. axb4 Ra2 22. Bc1 Rxg2 23. Nf2 Nc6 24. Kf1 Rg6 25. b5 Na5 26. Ra7 Nc4 27. Ne4 h6 28. Rg1 Rxg1+ 29. Kxg1 Rc8 30. Kf2 Nxe5 31. fxe5 Rxc1 32. Nd6 f5 33. exf6 gxf6 34. h4 h5 35. Ra6 Rb1 36.
Ne4 Kf7 37. Nd6+ Kg6 38. Nc8 Rxb5 39. Rxe6 Kf5 40. Nd6+ Kxe6 41. Nxb5 Ke5 42. Kf3 Ne7 43. Kg3 Nf5+ 44. Kh3 Nd4 45. Nc3 f5 46. Kg3 f4+ 47. Kf2 Nf5 48. Ne2 Nxh4 49. Ng1 Ke4 50. Nh3 Kf5 51. Ng1 Ng6 52. Nf3 Ne5 53. Nd4+ Kg4 54. Ne6 h4 55. Kg2 h3+ 56. Kh2 f3 57.
Kg1 Kg3 58. Ng5 Ng4 59. Ne4+ Kf4 60. Nd2 Ke3 61. Nf1+ Ke2 62. Ng3+ Ke1 63. Kh1 1/2-1/2

[Event "*** Titled Tuesday Blitz"]
[Site "Chess.com"]
[Date "2020.04.21"]
[Round "2"]
[White "Pultis"]
[Black "Muguet7"]
[Result "1/2-1/2"]
[WhiteElo "2736"]
[BlackElo "2520"]
[TimeControl "180+1"]
[EndTime "10:19:07 PDT"]
[Termination "Game drawn by repetition"]

1. d4 Nf6 2. c4 e6 3. Nf3 b6 4.
g3 Bb4+ 5. Bd2 Be7 6. Bg2 Bb7 7. O-O c6 8. Nc3 d5 9. Bf4 O-O 10. Qd3 Nbd7 11. e4 dxe4 12. Nxe4 c5 13. Nd6 Bc6 14. Rad1 Nh5 15. Ng5 Bxg5 16. Bxg5 Qxg5 17. Bxc6 Rad8 18. Ne4 Qe7 19. Rfe1 cxd4 20. Qxd4 Nb8 21.
Qe5 Nxc6 22. Qxh5 Nd4 23. Rd2 f5 24. Red1 e5 25. Ng5 h6 26. Nf3 Nxf3+ 27. Qxf3 e4 28. Qf4 Rxd2 29. Qxd2 Rc8 30. b3 Qf7 31. Qd6 Rf8 32. Rd4 Re8 33. Rd5 e3 34. fxe3 Rxe3 35. Re5 Rxe5 36. Qxe5 Kh7 37. Kf2 Qd7 38. Ke2 Qf7 39.
Ke3 Qg6 40. Qf4 Qe8+ 41. Kd2 Qe6 42. Qe3 Qd6+ 43. Qd3 Qb4+ 44. Ke2 Qe7+ 45. Kf2 Qf6 46. g4 g6 47. gxf5 gxf5 48. Kf3 Kg6 49. h3 Qc6+ 50. Qd5 Qxd5+ 51. cxd5 Kf6 52. Kf4 b5 53. h4 b4 54.
h5 a6 55. d6 Ke6 56. d7 Kxd7 57. Kxf5 Ke7 58. Kg6 Ke6 59. Kg7 Kf5 60. Kxh6 Kf6 61.
Kh7 Kf7 62. Kh6 Kf6 63. Kh7 Kf7 64. Kh8 Kf8 65. h6 Kf7 66. Kh7 a5 67. Kh8 Kf8 68.
Kh7 Kf7 69. Kh8 Kf8 70. Kh7 Kf7 1/2-1/2

[Event "*** Titled Tuesday Blitz"]
[Site "Chess.com"]
[Date "2020.04.21"]
[Round "2"]
[White "AlexTriapishko"]
[Black "amiralfio"]
[Result "1-0"]
[WhiteElo "2766"]
[BlackElo "2523"]
[TimeControl "180+1"]
[EndTime "10:19:10 PDT"]
[Termination "AlexTriapishko won on time"]

1. e4 e6 2. d4 d5 3. Nc3 Nf6 4. Bg5 dxe4 5. Nxe4 Be7 6. Bxf6 gxf6 7. Nf3 b6 8. Bb5+ c6 9. Bd3 Bb7 10. Qe2 Nd7 11.
O-O-O Qc7 12. Kb1 O-O-O 13. Ba6 Rhg8 14. Bxb7+ Kxb7 15. g3 f5 16. Ned2 Bf6 17. Nc4 Rg4 18. Rhe1 a6 19. Ne3 Rgg8 20. c4 c5 21. d5 Ne5 22. Ng2 Nxf3 23. Qxf3 Ka7 24. dxe6 fxe6 25.
Rxe6 Bd4 26. Qe2 Rd7 27. Nf4 Rgd8 28. Nd5 Qb7 29. Rxb6 Qa8 30. Qe6 Qc8 31. Qc6 Qxc6 32. Rxc6 Re8 33. Rd2 Rb7 34. b3 Re1+ 35. Kc2 Rf1 36. Rc7 Rxc7 37. Nxc7 Rxf2 38. Ne6 Rxd2+ 39. Kxd2 Bg1 40. h3 Bh2 41. g4 fxg4 42. hxg4 Kb6 43.
Kd3 h6 44. Ke4 Bg3 45. Kd5 Bf2 46. Ng7 Be3 47. Nf5 Bd2 48. Nd6 Be3 49. Nc8+ Kb7 50. Ne7 Kb6 51. Ke4 Bd2 52. Nd5+ Kc6 53. Kf5 Bg5 54.
Nc3 Bc1 55. Ne4 Be3 56. Kg6 Bf4 57. Nf6 Kd6 58. Ng8 Ke5 59. Nxh6 Bc1 60. Nf5 Ke4 61. g5 Kd3 62. Kf6 Kc2 63. g6 Kb1 64. Ke6 Bb2 65.
Kd5 Kxa2 66. Kxc5 Kxb3 67. Nd4+ 1-0

[Event "*** Titled Tuesday Blitz"]
[Site "Chess.com"]
[Date "2020.04.21"]
[Round "2"]
[White "vpsetter"]
[Black "GeorgMeier"]
[Result "0-1"]
[WhiteElo "2611"]
[BlackElo "3050"]
[TimeControl "180+1"]
[EndTime "10:19:11 PDT"]
[Termination "GeorgMeier won by resignation"]

1. e4 e6 2. d4 d5 3. Nc3 dxe4 4. Nxe4 Nd7 5. Nf3 Ngf6 6. Nxf6+ Nxf6 7. Bd3 c5 8. dxc5 Bxc5 9. Bg5 h6 10. Bh4 O-O 11.
Qe2 Qa5+ 12. c3 Nd5 13. Qd2 Be7 14. Bxe7 Nxe7 15. Qe2 Rd8 16. O-O Qc7 17. Rfd1 Bd7 18. Ne5 Bc6 19. Nxc6 Nxc6 20. Qe4 g6 21. h4 h5 22. Bc2 Kg7 23. Qe3 Qe5 24. Qxe5+ Nxe5 25. Be4 Rab8 26. b3 b6 27. Kf1 Kf6 28. c4 Ke7 29.
Ke2 a5 30. f4 Nd7 31. a3 Rbc8 32. Rac1 Rc7 33. b4 Rdc8 34. Bd3 Nf6 35. Kf3 axb4 36.
axb4 Nd5 37. b5 Nf6 38. Ra1 Rd8 39. Be2 Rxd1 40. Rxd1 Ra7 41. Rc1 Ra3+ 42. Kf2 Ne4+ 43. Kg1 Nc5 44. Bf3 Nd3 45. Rd1 Nxf4 46. Bc6 Rc3 47.
Rd7+ Kf6 48. Rb7 Rxc4 49. Rxb6 Rb4 50. Rb7 Rb2 51. b6 Nd5 52. Bxd5 exd5 53. Rb8 Kf5 54. b7 Kg4 55. Rd8 Rxb7 56. Rxd5 Kxh4 57. Kh2 f5 58.
Rd4+ Kg5 59. Rd6 Re7 60. g3 Re4 61. Kh3 h4 62. gxh4+ Rxh4+ 63. Kg3 Rg4+ 0-1

[Event "*** Titled Tuesday Blitz"]
[Site "Chess.com"]
[Date "2020.04.21"]
[Round "2"]
[White "MarcoRiehle"]
[Black "ChessWarrior7197"]
[Result "0-1"]
[WhiteElo "2595"]
[BlackElo "2882"]
[TimeControl "180+1"]
[EndTime "10:19:12 PDT"]
[Termination "ChessWarrior7197 won by resignation"]

1. e4 c5 2. Nf3 d6 3. d4 cxd4 4. Nxd4 Nf6 5. f3 e5 6. Nb3 Be6 7. c4 a5 8. Be3 a4 9. N3d2 Qa5 10. Be2 Be7 11. O-O Bd8 12. Na3 Bb6 13. Bxb6 Qxb6+ 14. Kh1 O-O 15. Nb5 Nc6 16. Nb1 Nd4 17.
N1c3 a3 18. b3 Nxb5 19. Nxb5 Rfd8 20. Qd2 Ra6 21. Rfd1 h6 22. Rac1 Rd7 23. Rc3 Nh5 24. Bf1 Qc5 25. Qe3 Qb4 26. Rcd3 Nf6 27. g3 Ne8 28. h4 Nc7 29. Nxc7 Rxc7 30. Kh2 Rcc6 31. Bh3 Bxh3 32. Kxh3 Qa5 33. Kg2 Qc7 34. f4 exf4 35. gxf4 Qe7 36. Kh3 Ra5 37. f5 Qe5 38. Rg1 Rc7 39.
Qf3 f6 40. Qg3 Qxe4 41. Rxd6 Qxf5+ 42. Kh2 Re5 43. Rd2 Rce7 44. Rdg2 g5 45. hxg5 hxg5 46. Rf2 Rh7+ 47. Kg2 Qe4+ 48. Qf3 Qh4 49. Qg3 Qxg3+ 50. Kxg3 Kg7 51. Rd1 Kg6 52. Rd6 Rf7 53. Rb6 Re3+ 54. Kg2 g4 55. c5 Kg5 56. Rb4 f5 57. Rc4 f4 58. c6 bxc6 59. Rxc6 g3 60. Rfc2 f3+ 61.
Kf1 g2+ 62. Kf2 Re2+ 63. Kg1 f2+ 0-1

[Event "*** Titled Tuesday Blitz"]
[Site "Chess.com"]
[Date "2020.04.21"]
[Round "2"]
[White "LiamPutnam2008"]
[Black "algatar2020"]
[Result "1-0"]
[WhiteElo "2484"]
[BlackElo "1928"]
[TimeControl "180+1"]
[EndTime "10:19:14 PDT"]
[Termination "LiamPutnam2008 won by checkmate"]

1. e4 g6 2. d4 Bg7 3. Nc3 d6 4.
Be3 Nf6 5. h3 c6 6. g4 Qc7 7.
Bg2 e5 8. Nge2 Nbd7 9. Qd2 b5 10. a3 a5 11. O-O Rb8 12. b4 a4 13. Rad1 O-O 14.
f4 Nb6 15. dxe5 dxe5 16. Bc5 Nc4 17. Qc1 Re8 18. f5 Nd7 19. Bf2 Ndb6 20. Ng3 h6 21.
h4 Qe7 22. g5 hxg5 23. hxg5 Qc7 24. Kh2 Bf8 25. Rh1 Rd8 26. Rd3 Rxd3 27. cxd3 Nd6 28. f6 Qd7 29. Kg1 Qg4 30. Bh3 Qf3 31. Qe3 Qxe3 32.
Bxe3 Bxh3 33. Rxh3 Nd7 34. Kf2 Rc8 35. Rh1 c5 36.
Nd5 cxb4 37. axb4 Rc2+ 38. Kf3 Ne8 39. Rb1 a3 40. Ne2 a2 41. Ra1 Rb2 42. Bc1 Rc2 43. Ne3 Bxb4 44. Nxc2 Bc5 45. Rxa2 Nd6 46. Be3 Bxe3 47.
Nxe3 Nc5 48. Ra8+ Kh7 49. d4 exd4 50. Nxd4 Ncxe4 51. Ra7 Nxg5+ 52. Kg4 Nge4 53. Nd5 Kh6 54.
Rd7 b4 55. Kh3 b3 56. Rd8 b2 57. Rb8 Kg5 58. Rxb2 Nxf6 59. Rg2+ Kh6 60. Nxf6 Nf5 61. Nxf5+ gxf5 62. Nd5 f4 63. Nxf4 f5 64. Kh4 Kh7 65.
Kh5 Kh8 66. Rg6 Kh7 67. Ne6 Kh8 68. Ng5 f4 69. Kh6 f3 70. Nf7# 1-0

[Event "*** Titled Tuesday Blitz"]
[Site "Chess.com"]
[Date "2020.04.21"]
[Round "2"]
[White "D0wnpour"]
[Black "want2lose"]
[Result "0-1"]
[WhiteElo "2600"]
[BlackElo "2920"]
[TimeControl "180+1"]
[EndTime "10:19:15 PDT"]
[Termination "want2lose won on time"]

1. d4 Nf6 2. c4 e6 3. Nc3 d5 4. cxd5 exd5 5. Bg5 c6 6. e3 Bf5 7. Qf3 Bg6 8. Bxf6 Qxf6 9. Qxf6 gxf6 10. Nge2 Nd7 11.
Nf4 Be7 12. h4 h5 13. Bd3 f5 14. Be2 Nf6 15. f3 a5 16. Kf2 Bd6 17. g3 Ke7 18. Rhc1 a4 19. a3 Ra5 20. Bd1 Rha8 21. Rc2 Nd7 22.
Be2 Nf8 23. Rac1 Ne6 24. Na2 Kf6 25. Nc3 Kg7 26. Bd3 Kf6 27. Nce2 Kg7 28. Ng1 Be7 29. Ngh3 Bf6 30. Ng1 Nxf4 31. gxf4 Bxh4+ 32. Kg2 Re8 33. Re2 Raa8 34. Kh3 Bf6 35. Kg3 Re7 36. Nh3 Rae8 37.
Rce1 Rc8 38. Rc1 Rec7 39. Rec2 Be7 40. Ng5 c5 41. dxc5 Rxc5 42. Kf2 b6 43. Ke2 Bf6 44. Rxc5 Rxc5 45. Rxc5 bxc5 46. Bb5 Bxb2 47. Bxa4 Bxa3 48. Bc6 d4 49. exd4 cxd4 50. Kd3 Bc5 51. Kc4 Ba7 52.
Bd5 Bb8 53. Nh3 Ba7 54. Ng5 h4 55. Kd3 Kf6 56. Nh3 Ke7 57. Ng5 f6 58. Nh3 Bf7 59. Bxf7 Kxf7 60. Kc4 Ke6 61. Nf2 Kd6 62. Nh3 Kc6 63.
Nf2 Bb6 64. Nh3 Kd6 65. Nf2 d3 66. Nh3 d2 0-1